Map: Disco Bloodbath LE

Players

King

  • Race: Terran Terran
  • Spawn Location: 9:00

Protijay - Winner!

  • Race: Terran Terran
  • League: Diamond
  • Spawn Location: 3:00

VOD

Have the link to the VOD?

Description

Time

  • Played on: Aug. 30, 2019, 1:02 p.m.
  • Length: 6:47
Show
View Real Time Build Order
Export as new Build Order

King Terran 

Build Orders: Gas First Reaper Expand 

Get SALT Encoding   

  12  0:01  SCV  
  13  0:13  SCV  
  14  0:18  Supply Depot  
  14  0:25  SCV  
  14  0:28  Refinery  
  15  0:39  SCV  
  16  0:46  Barracks  
  16  0:51  SCV  
  17  1:03  SCV  
  18  1:16  SCV  
  19  1:33  Reaper  
  19  1:34  Orbital Command  
  20  1:47  Command Center  
  20  1:59  SCV  
  21  2:03  Factory  
  21  2:07  Reaper  
  22  2:14  SCV  
  23  2:15  Supply Depot  
  23  2:23  Refinery  
  23  2:33  Bunker  
  23  2:37  SCV  
  23  2:40  Barracks Reactor  
  24  2:49  SCV, Hellion  
  27  2:58  Starport  
  27  3:01  SCV  
  27  3:02  Orbital Command  
  28  3:11  Factory Tech Lab  
  28  3:13  SCV  
  29  3:20  Marine x2, Refinery  
  29  3:26  SCV, Engineering Bay  
  32  3:29  SCV  
  33  3:39  Marine x2  
  32  3:42  Siege Tank  
  32  3:44  SCV  
  32  3:45  SCV  
  37  3:59  SCV x2  
  34  4:04  Liberator  
  30  4:11  Marine x2, SCV x2  
  34  4:24  Siege Tank  
  34  4:25  SCV  
  34  4:26  SCV  
  34  4:29  Marine x2  
  41  4:39  SCV  
  41  4:40  SCV  
  41  4:41  Supply Depot  
  43  4:49  Marine x2  
  43  4:52  SCV  
  46  4:54  Missile Turret  
  46  5:01  Missile Turret  
  46  5:02  SCV  
  46  5:07  Command Center  
  47  5:08  SCV  
  47  5:11  Supply Depot  
  48  5:15  Missile Turret  
  48  5:16  Marine  
  48  5:17  Marine  
  48  5:18  Starport Tech Lab  
  50  5:25  Missile Turret  
  50  5:32  Missile Turret  
  50  5:34  SCV x2  
  52  5:38  Siege Tank  
  52  5:42  Supply Depot  
  55  5:44  Marine x2  
  55  5:48  Raven  
  59  5:52  SCV x2  
  61  6:01  Fusion Core  
  61  6:03  Marine  
  61  6:04  Marine, SCV  
  62  6:10  SCV  
  62  6:11  Supply Depot  
  65  6:16  SCV  
  69  6:22  Marine, SCV  
  69  6:23  Marine  
  72  6:29  SCV, Refinery  
  71  6:34  SCV  
Show
View Real Time Build Order
Export as new Build Order

Protijay Terran - Winner!

Build Orders:  

Get SALT Encoding   

  12  0:00  SCV  
  13  0:13  SCV  
  14  0:17  Supply Depot  
  14  0:27  Refinery  
  14  0:28  SCV  
  15  0:40  SCV  
  16  0:45  Barracks  
  16  0:54  Refinery  
  16  0:56  SCV  
  17  1:08  SCV  
  18  1:20  SCV  
  21  1:34  Reaper  
  21  1:35  Factory  
  20  1:41  Orbital Command  
  20  1:52  Supply Depot  
  20  2:07  SCV  
  21  2:08  Reaper  
  21  2:19  Hellion  
  21  2:20  SCV  
  24  2:37  Command Center  
  25  2:44  Reaper  
  25  2:46  Hellion  
  25  2:47  SCV  
  28  2:53  Supply Depot  
  28  2:59  SCV  
  29  3:05  Starport  
  29  3:09  Factory Tech Lab  
  29  3:12  SCV  
  30  3:18  Barracks Reactor  
  30  3:24  SCV  
  31  3:28  Cyclone  
  34  3:40  SCV  
  34  3:42  Starport Tech Lab  
  34  3:51  Orbital Command  
  34  3:57  Marine x2  
  34  4:00  Cyclone  
  37  4:18  SCV  
  37  4:19  SCV  
  37  4:20  Marine x2  
  37  4:21  Raven  
  43  4:29  Supply Depot  
  43  4:30  SCV  
  44  4:31  SCV  
  44  4:33  Siege Tank  
  48  4:47  Command Center  
  48  4:48  SCV  
  48  4:49  Marine x2, SCV  
  52  5:02  SCV x2  
  54  5:07  Supply Depot  
  54  5:08  Marine x2  
  54  5:12  Supply Depot  
  54  5:14  Siege Tank, SCV x2  
  61  5:22  Refinery  
  61  5:23  Refinery  
  61  5:26  SCV  
  62  5:29  Raven  
  62  5:32  Supply Depot  
  64  5:36  SCV  
  64  5:38  SCV  
  64  5:40  Marine x2  
  68  5:46  Engineering Bay  
  68  5:47  Engineering Bay  
  68  5:51  Siege Tank  
  69  6:10  SCV x2  
  71  6:11  Orbital Command  
  71  6:14  Marine x2  
  73  6:22  SCV, Starport Reactor  
  73  6:23  SCV  
  80  6:34  SCV  
  80  6:35  SCV  
  83  6:41  Supply Depot  
Tags
 
Add a new tag
Caveats
  • Supply blocks, unpowered buildings, or Contaminate may cause inaccurate times.
  • Supply counts are checked every 10 seconds.